AoeStats
← VIT Liereyy

Arabian Desert

510738698Analyzed
1v1 RM · 5h ago on Oct 2, 2026· 43m 55s· 2 players
Game mode
Random Map
Map size
Tiny (2 player)
Population
200
Speed
Normal
Resources
Standard
Victory
Conquest
Starting age
Dark Age
Ending age
Imperial Age
RankedLock teamsTeams togetherTeam positionsShared explorationLock speedFull tech treeHidden civsTurbo modeCheats
Victory
Defeat
🇦🇹 Inca · Austria
2955
+4
🇫🇷 Vikings · France
2623
-4
VIT Liereyy
7:06 Loom
9:14 Feudal Age
9:51 Double-Bit Axe
10:15 Champi Runner
16:09 Horse Collar
20:50 Castle Age
19:16 Fletching
21:29 Bodkin Arrow
20:57 Elite Skirmisher
21:55 Bow Saw
21:40 Town Watch
21:53 Crossbowman
22:41 Padded Archer Armor
23:53 Leather Archer Armor
30:58 Wheelbarrow
32:21 Squires
32:22 Scale Mail Armor
32:46 Champi Warrior
35:27 Gold Mining
38:19 Imperial Age
36:22 Chain Mail Armor
39:02 Bracer
40:02 Chemistry
41:10 Ballistics
41:26 Thumb Ring
42:43 Andean Sling
OS+ | NeoZz
7:28 Loom
9:29 Feudal Age
10:26 Double-Bit Axe
11:14 Horse Collar
11:42 Horse Collar
20:25 Castle Age
18:44 Gold Mining
19:00 Fletching
19:41 Padded Archer Armor
21:02 Bodkin Arrow
21:18 Bow Saw
20:50 Crossbowman
21:56 Elite Skirmisher
24:43 Heavy Plow
32:57 Scale Mail Armor
34:15 Chain Mail Armor
35:59 Forging
36:07 Squires
38:27 Town Watch
42:08 Imperial Age
40:11 Stone Mining
43:24 Masonry
43:54 Ballistics
44:36 Ballistics
Connection lost

Rejoining the realm…

Still unreachable

The connection could not be restored.

Session expired

The server has moved on; the page needs a fresh start.